 Dungeon Crawl Stone Soup version 0.26-a0-597-gb535b0901c (webtiles) character file.

Game seed: 3898961299709287772

3544 Lanoc the Arsonist (level 9, -1/57 HPs)
             Began as a Demonspawn Fire Elementalist on Sept 7, 2020.
             Was a Follower of Sif Muna.
             Slain by a vampire (6 damage)
             ... on level 9 of the Dungeon.
             The game lasted 00:16:43 (10126 turns).

Lanoc the Arsonist (Demonspawn Fire Elementalist)  Turns: 10126, Time: 00:16:43

Health: -1/57      AC:  6    Str:  8    XL:     9   Next: 83%
Magic:  4/12       EV: 14    Int: 20    God:    Sif Muna [*.....]
Gold:   513        SH:  5    Dex: 10    Spells: 7/12 levels left

rFire    + + .     SeeInvis .   v - +10 mace "Ultimatum" {vorpal, +Blink rPois MR+++ Dex-4}
rCold    . . .     Faith    .   (no shield)
rNeg     . . .     Spirit   .   i - +1 leather armour "Tubutef" {rF+ Stlth+} (curse)
rPois    +         Reflect  +   (no helmet)
rElec    .         Harm     .   (no cloak)
rCorr    .                      d - +1 pair of gloves
MR       +++..                  (no boots)
Stlth    ++........             B - amulet of reflection
HPRegen  0.19/turn              f - ring of fire
MPRegen  0.13/turn              (no ring)

@: no status effects
A: claws 2, cold resistance 1, demonic guardian 1
a: Channel Magic, Renounce Religion, Evoke Blink


You were on level 9 of the Dungeon.
You worshipped Sif Muna.
Sif Muna was aware of your devotion.
You visited 2 branches of the dungeon, and saw 10 of its levels.
You also visited: Sewer and Ossuary.

You collected 513 gold pieces.

Inventory:

Hand Weapons
 v - the +10 mace "Ultimatum" (weapon) {vorpal, +Blink rPois MR+++ Dex-4}
   (You found it on level 7 of the Dungeon)

   It inflicts extra damage upon your enemies.
   It affects your dexterity (-4).
   It protects you from poison.
   It affects your resistance to hostile enchantments.
   It lets you blink.
Armour
 d - a +1 pair of gloves (worn)
 i - the cursed +1 leather armour "Tubutef" (worn) {rF+ Stlth+}
   (You found it in a sewer)

   It protects you from fire.
   It makes you more stealthy.
   It has a curse placed upon it.
 F - a +2 buckler
Jewellery
 f - a ring of fire (left hand)
 B - an amulet of reflection (around neck)
Wands
 o - a wand of random effects (22)
 y - a wand of digging (3)
 z - a wand of disintegration (10)
 A - a wand of iceblast (11)
Scrolls
 a - 2 scrolls of blinking
 c - a scroll of enchant armour
 j - a scroll of silence {unknown}
 l - 2 scrolls of teleportation {unknown}
 m - 3 scrolls of amnesia
 p - 3 scrolls of remove curse
 q - 3 scrolls of enchant weapon {unknown}
 s - a scroll of immolation {unknown}
 w - a scroll of vulnerability {unknown}
 C - a scroll of identify
 D - a scroll of magic mapping
Potions
 b - 2 potions of heal wounds
 e - 2 potions of ambrosia
 g - 10 potions of curing
 h - a potion of invisibility
 k - a potion of degeneration
 n - a potion of flight
 r - a potion of mutation
 t - 4 potions of haste
 u - 2 potions of lignification {unknown}
 x - a potion of resistance
 E - a potion of magic {unknown}


   Skills:
 + Level 6.6 Dodging
 - Level 1.7 Stealth
 - Level 2.0 Spellcasting
 + Level 7.1 Conjurations
 * Level 9.6 Fire Magic


You had 7 spell levels left.
You knew the following spells:

 Your Spells              Type           Power        Failure   Level
a - Foxfire               Conj/Fire      ####         1%          1
b - Sticky Flame          Conj/Fire      ######..     8%          4

Your spell library contained the following spells:

 Spells                   Type           Power        Failure   Level
 Conjure Flame            Conj/Fire      ######..     2%          3
 Inner Flame              Hex/Fire       ####....     10%         3
 Dazzling Flash           Conj/Hex       ###...       16%         3
 Fireball                 Conj/Fire      ######....   21%         5
 Corona                   Hex            #......      22%         1
 Summon Small Mammal      Summ           #...         22%         1
 Call Imp                 Summ           #.......     34%         2
 Ensorcelled Hibernation  Hex/Ice        #.....       34%         2
 Call Canine Familiar     Summ           #.......     56%         3
 Confusing Touch          Hex            #.......     56%         3
 Summon Guardian Golem    Hex/Summ       #.......     56%         3
 Tukima's Dance           Hex            #.......     56%         3
 Summon Ice Beast         Ice/Summ       #.......     92%         4
 Summon Lightning Spire   Summ/Air       #.......     92%         4


Dungeon Overview and Level Annotations

Branches:
Dungeon (9/15)             Temple (1/1) D:6           Sewer (visited)
Ossuary (visited)
   Lair: D:8-11         Orc: D:9-12

Altars:
Ashenzari
Cheibriados
Dithmenos
Elyvilon
Fedhas
Gozag
Hepliaklqana
Kikubaaqudgha
Makhleb
Nemelex Xobeh
Okawaru
Qazlal
Ru
Sif Muna
Trog
Uskayaw
Vehumet
Wu Jian
Xom
Yredelemnul
Zin
The Shining One

Shops:
D:9 =


Innate Abilities, Weirdness & Mutations

You have very sharp fingernails.
Your flesh is cold resistant. (rC+)
A weak demonic guardian rushes to your aid.


Message History

Confirm with . or Enter, or press ? or * to list all spells.
You don't know that spell.
Casting: Foxfire (safe; 1% risk of failure)
Confirm with . or Enter, or press ? or * to list all spells.
You don't know that spell.
Casting: Foxfire (safe; 1% risk of failure)
Confirm with . or Enter, or press ? or * to list all spells.
You don't know that spell.
Casting: Foxfire (safe; 1% risk of failure)
Confirm with . or Enter, or press ? or * to list all spells.
Press: ? - help, Shift-Dir - straight line You feel a surge of power!
The sticky flame hits something but does no damage.
The vampire is covered in liquid flames!
The vampire burns!
Your quasit disappears in a puff of smoke!
The vampire hits you!
* * * LOW HITPOINT WARNING * * *
The vampire bites you.
You die...

#...# #...#
#...# #...#
...#
#########..#
........#.ยง#
.........Vh#
######.#@##
#.#........
#.#########
#.# #.# #.#
#.# #.# ...
#.#


You could see a vampire (invisible, burning) and a hound.

Vanquished Creatures
  Grinder (D:6)
  Eustachio (D:4)
  A water moccasin (D:9)
  A hornet zombie (D:9)
  2 sky beasts
  2 orc warriors (D:8)
  A necrophage (D:8)
  2 centaurs
  3 ogres
  A big kobold (D:8)
  5 bullfrogs
  A gnoll sergeant (D:8)
  3 scorpions
  3 wights (D:9)
  An electric eel (D:6)
  2 howler monkeys
  A centaur zombie (D:8)
  2 human zombies
  A bullfrog skeleton (D:6)
  A jelly (D:7)
  3 orc priests
  A centaur skeleton (D:5)
  5 hounds
  2 iguanas
  6 orc wizards
  5 worker ants
  4 mummies (Ossuary)
  A worker ant zombie (D:8)
  6 gnolls
  9 adders
  A river rat (D:4)
  2 white imps
  3 ufetubi
  13 oozes (Sewer)
  3 adder skeletons
  2 worms
  A dart slug (D:1)
  13 leopard geckos
  12 orcs
  12 ball pythons (Sewer)
  6 bats
  13 giant cockroaches
  8 goblins
  5 hobgoblins
  9 jackals
  6 kobolds
  3 quokkas
  11 frilled lizards
  A gnoll zombie (Ossuary)
  2 goblin zombies (Ossuary)
  3 hobgoblin zombies
  A jackal skeleton (D:5)
  A jackal zombie (Ossuary)
  3 kobold zombies (Ossuary)
  2 orc zombies (Ossuary)
  A quokka skeleton (D:4)
  4 rats
218 creatures vanquished.

Vanquished Creatures (collateral kills)
  A vampire (D:7)
  A phantom (D:8)
  A centaur (D:6)
  A bullfrog skeleton (D:9)
  A hound skeleton (D:8)
  An adder (D:8)
  A leopard gecko (D:6)
7 creatures vanquished.

Vanquished Creatures (others)
  597 foxfires
597 creatures vanquished.

Grand Total: 822 creatures vanquished

Notes
Turn   | Place    | Note
-------+----------+-------------------------------------------
     0 | D:1      | Lanoc the Demonspawn Fire Elementalist began the quest for
                  | the Orb.
     0 | D:1      | Reached XP level 1. HP: 13/13 MP: 3/3
   204 | D:2      | Reached skill level 3 in Fire Magic
   463 | D:2      | Gained mutation: A weak demonic guardian rushes to your
                  | aid. [demonic ancestry]
   463 | D:2      | Reached XP level 2. HP: 19/19 MP: 3/5
  1113 | D:2      | Gained mutation: Your flesh is cold resistant. (rC+)
                  | [demonic ancestry]
  1113 | D:2      | Reached XP level 3. HP: 22/24 MP: 1/6
  1896 | D:3      | Reached XP level 4. HP: 30/30 MP: 4/7
  2195 | D:4      | Reached skill level 4 in Fire Magic
  2199 | D:4      | Reached XP level 5. HP: 32/35 MP: 2/8
  2399 | D:4      | Noticed Eustachio
  2404 | D:4      | Killed Eustachio
  2404 | D:4      | Reached skill level 5 in Fire Magic
  2404 | D:4      | Reached XP level 6. HP: 41/41 MP: 3/9
  2479 | D:4      | Found a blossoming altar of Fedhas.
  2490 | D:4      | Found a glowing drain.
  2555 | Sewer    | Entered a sewer
  3191 | Sewer    | Gained mutation: You have sharp fingernails. [demonic
                  | ancestry]
  3191 | Sewer    | Reached XP level 7. HP: 41/46 MP: 7/10
  3431 | Sewer    | Got a spiked leather armour
  3442 | Sewer    | Identified the cursed +1 leather armour "Tubutef" {rF+
                  | Stlth+} (You found it in a sewer)
  3575 | D:4      | Reached skill level 6 in Fire Magic
  3581 | D:4      | Learned a level 4 spell: Sticky Flame
  3844 | D:4      | Found a shattered altar of Ashenzari.
  3894 | D:5      | Entered Level 5 of the Dungeon
  4589 | D:5      | Reached XP level 8. HP: 52/52 MP: 8/11
  4924 | D:5      | Found an opulent altar of Gozag.
  4960 | D:6      | Reached skill level 7 in Fire Magic
  5073 | D:6      | Reached skill level 5 in Conjurations
  5251 | D:6      | Reached skill level 5 in Dodging
  5696 | D:6      | Noticed Grinder
  5713 | D:6      | Killed Grinder
  6242 | D:6      | Found a staircase to the Ecumenical Temple.
  6635 | Temple   | Entered the Ecumenical Temple
  6916 | Temple   | Became a worshipper of Sif Muna the Loreminder
  6961 | D:7      | Got a warped mace
  6962 | D:7      | Identified the +10 mace "Ultimatum" {vorpal, +Blink rPois
                  | MR+++ Dex-4} (You found it on level 7 of the Dungeon)
  7021 | D:7      | Found a sand-covered staircase.
  7036 | Ossuary  | Entered an ossuary
  7126 | Ossuary  | Reached skill level 8 in Fire Magic
  7673 | D:7      | Gained mutation: You have very sharp fingernails. [demonic
                  | ancestry]
  7673 | D:7      | Reached XP level 9. HP: 8/57 MP: 4/12
  8525 | D:8      | Reached * piety under Sif Muna
  9423 | D:8      | Reached skill level 9 in Fire Magic
  9823 | D:9      | Found Gixarim's Jewellery Boutique.
 10126 | D:9      | Slain by a vampire

Illustrated notes

Levels and vault maps discovered:
D:1:      mushboom_english_gardens, layout_rooms
D:2:      layout_basic
D:3:      layout_basic
D:4:      layout_gridville, kennysheep_mini_moat, portal_sewer_entry_c,
          fedhas_altar_1, uniq_eustachio
D:5:      layout_basic, grunt_gozag_statues
D:6:      wad_river_or_something, layout_loops_ring, temple_hall, uniq_grinder
D:7:      layout_layer_cave, enter_ossuary_3, kennysheep_generic_room_15
D:8:      layout_loops_ring, serial_bayou_pond_c, kennysheep_generic_room_5
D:9:      layout_basic, serial_shops, nicolae_shop_waterfront,
          hangedman_ru_absence
Temple:   roderic_octagonal_lattice_temple

Skill      XL: |  1  2  3  4  5  6  7  8  9 |
---------------+----------------------------+-----
Dodging        | 2 3 4 5 6 |  6.6
Fire Magic     | 3 4 5 6 8 9 |  9.6
Conjurations   | 2 3 4 5 7 |  7.1
Stealth        | |  1.7
Spellcasting   | |  2.0

Action                   |  1- 3 |  4- 6 |  7- 9 || total
-------------------------+-------+-------+-------++-------
Melee: Whip              |    44 |    33 |    24 ||   101
       Unarmed           |     1 |       |       ||     1
       Rapier            |       |       |    72 ||    72
       Mace              |       |       |   100 ||   100
 Cast: Foxfire           |    61 |    98 |   204 ||   363
       Sticky Flame      |       |       |     2 ||     2
  Use: Scroll            |       |     4 |    10 ||    14
 Stab: Sleeping          |     1 |       |     5 ||     6
       Distracted        |       |       |     1 ||     1
Armor: Robe              |    16 |    11 |     6 ||    33
       Leather armour    |       |       |    48 ||    48
Dodge: Dodged            |    32 |    26 |   174 ||   232
Block: Other             |       |       |    18 ||    18
       Reflection        |       |       |     1 ||     1

Table legend: (Time is in decaauts)
 A = Elapsed time spent in this place.
 B = Non-inter-level travel time spent in this place.
 C = Inter-level travel time spent in this place.
 D = Time resting spent in this place.
 E = Time spent auto-exploring this place.
 F = Levels seen in this place.
 G = Mean time per level.
                   A        B        C        D        E       F      G
               +--------+--------+--------+--------+--------+-----+--------+
         Total |  10236 |   9952 |    284 |     90 |   8250 |  12 |  853.0 |
       Dungeon |   8603 |   8371 |    232 |     90 |   7073 |   9 |  955.9 |
        Temple |    296 |    244 |     52 |      0 |    239 |   1 |  296.0 |
         Sewer |    968 |    968 |      0 |      0 |    701 |   1 |  968.0 |
       Ossuary |    367 |    367 |      0 |      0 |    237 |   1 |  367.0 |
               +--------+--------+--------+--------+--------+-----+--------+

Top non-repeatable levels by time:
     D:6: 1702 daAuts
     D:8: 1464 daAuts
     D:5: 1058 daAuts
     D:7: 1003 daAuts
     D:2: 989 daAuts
   Sewer: 968 daAuts
     D:4: 933 daAuts
     D:3: 878 daAuts
     D:9: 383 daAuts
 Ossuary: 367 daAuts
  Temple: 296 daAuts
     D:1: 189 daAuts
